 Dungeon Sprint DCSS version 0.28.0-43-g3370ac3207 (webtiles) character file.

Game seed: 17707164656521559737

7 Baz the Ducker (level 2, 0/24 HPs)
             Began as a Djinni Air Elementalist on Mar 17, 2022.
             Slain by an ice beast (19 damage)
             ... in the Dungeon (Sprint IX: "|||||||||||||||||||||||||||||").
             The game lasted 00:00:31 (301 turns).

Baz the Ducker (Djinni Air Elementalist)             Turns: 301, Time: 00:00:31

Health: 0/24       AC:  2    Str:  7    XL:     2   Next: 10%
Gold:   0          EV: 12    Int: 16    God:
                   SH:  0    Dex: 13

rFire   + + .      SeeInvis .   (no weapon)
rCold   x . .      Faith    .   (no shield)
rNeg    . . .      Spirit   .   a - +0 robe
rPois   ∞          Reflect  .   (no helmet)
rElec   .          Harm     .   (no cloak)
rCorr   .          Rampage  .   (no gloves)
Will    .....      NoTele   +   (boots unavailable)
Stlth   ++........              (no amulet)
HPRegen 0.08/turn               (no ring)
MPRegen 0.00/turn               (no ring)

@: flying, hasted, very quick
A: sickness immunity, fire resistance 2, cold vulnerability 1, float, innate
caster, HP casting, extra vitality 1
a: no special abilities


You were in the Dungeon.
You visited 1 branch

Inventory:

Armour
 a - a +0 robe (worn)
Scrolls
 f - a scroll of blinking
Potions
 b - a potion of curing
 c - a potion of heal wounds
 e - a potion of berserk rage


   Skills:
 * Level 2.4 Fighting
 + Level 3.0 Dodging
 - Level 1.5 Stealth
 + Level 2.8 Spellcasting


You couldn't memorise any spells.
You knew the following spells:

 Your Spells              Type           Power      Damage    Failure   Level
a - Shock                 Conj/Air       44%        1d5       6%          1
b - Static Discharge      Conj/Air       11%        N/A       9%          2
c - Swiftness             Air            11%        N/A       19%         3
d - Airstrike             Air            5%         N/A       52%         4
Your spell library was empty.

Dungeon Overview and Level Annotations

Branches:
Dungeon (1/1)

Altars:


Innate Abilities, Weirdness & Mutations

You are immune to sickness and miasma.
You are immune to poison.
Your flesh is very heat resistant. (rF++)
You are vulnerable to cold. (rC-)
You float through the air rather than walking.
You learn spells naturally, not from books.
Your magical power is your life essence.
You have superior vitality. (+4 MHP)


Message History

Aiming: Shock (safe; 6% risk of failure)
Press: ? - help, Shift-Dir - straight line, f - ice beast
Aim: an ice beast (68% to hit)
The zap hits the ice beast.
The ice beast is lightly wounded.
The zap hits the gnoll but does no damage.
The zap hits the adder.
The adder is lightly wounded.
The zap hits the necrophage.
The necrophage is lightly damaged.
Unknown command.
Casting: Shock (safe; 6% risk of failure)
Confirm with . or Enter, or press ? or * to list all spells.
Aiming: Shock (safe; 6% risk of failure)
Press: ? - help, Shift-Dir - straight line, f/p - ice beast
Aim: an ice beast (lightly wounded, 68% to hit)
The zap misses the ice beast.
The zap hits the gnoll.
The gnoll is moderately wounded.
The zap misses the adder.
The zap hits the necrophage.
The necrophage is lightly damaged.
The zap hits the quokka zombie.
The quokka zombie is severely damaged.
The ice beast closely misses you.
Unknown command.
Casting: Shock (safe; 6% risk of failure)
Confirm with . or Enter, or press ? or * to list all spells.
Aiming: Shock (safe; 6% risk of failure)
Press: ? - help, Shift-Dir - straight line, f/p - ice beast
Aim: an ice beast (lightly wounded, 68% to hit)
The zap hits the ice beast.
The ice beast is moderately wounded.
The zap misses the gnoll.
The zap hits the adder.
The adder is lightly wounded.
The zap hits the necrophage.
The necrophage is lightly damaged.
The zap hits the quokka zombie.
The quokka zombie is almost destroyed.
The ice beast hits you. The ice beast freezes you!!
You feel a terrible chill!
Ouch! That really hurt!
You die...

▓▓▓
▓<▓
▓.▓
▓.▓
▓.▓
▓†▓
▓)▓
▓@▓
▓Y▓
▓g▓
▓S▓
▓'▓
▓n▓
▓Z▓
▓.▓
▓.▓


You could see an ice beast, a necrophage, a gnoll, an adder and a quokka zombie.

Vanquished Creatures
  A dart slug (D)
  A goblin (D)
  A hobgoblin (D)
  A quokka (D)
  A ball python (D)
5 creatures vanquished.

Notes
Turn   | Place    | Note
-------+----------+-------------------------------------------
     0 | D        | Baz the Djinni Air Elementalist began the quest for the
                  | Orb.
     0 | D        | Reached XP level 1. HP: 15/15 MP: 0/0
   105 | D        | Reached skill level 1 in Fighting
   109 | D        | Reached skill level 3 in Dodging
   109 | D        | Reached XP level 2. HP: 17/24 MP: 0/0
   294 | D        | Noticed an ice beast
   294 | D        | Noticed a necrophage
   301 | D        | Slain by an ice beast

Illustrated notes

Levels and vault maps discovered:
D:        linesprint [early_d, line_temple, items_1, d_10, items_2, lair_1,
          lair_end, items_3, orc_1, orc_end, items_4, d_15, swamp_1, shoals_1,
          snake_1, spider_1, d_20, vaults_1, items_5, swamp_end, shoals_end,
          snake_end, spider_end, vaults_end, d_27, items_6, zot_1, zot_end,
          crypt_end, forest_end, elf_end, slime_end, tomb_end, abyss_end,
          pan_hell_end]

Skill      XL: |  1 |
---------------+----+-----
Fighting       | 2 |  2.4
Dodging        | 3 |  3.0
Stealth        | |  1.5
Spellcasting   | |  2.8

Action                   || total
-------------------------++-------
 Cast: Shock             ||     8
  Use: Potion            ||     1
Dodge: Dodged            ||     1
